 Dungeon Crawl Stone Soup version 0.30-a0-800-g7c544603b3 (webtiles) character file.

Game seed: 8770426749446014614

3081 porpoise the Sneak (level 9, -4/67 HPs)
             Began as a Gnoll Enchanter on Feb 20, 2023.
             Was a Follower of Dithmenos.
             Killed from afar by an electric eel (10 damage)
             ... with a bolt of electricity
             ... on level 8 of the Dungeon on Feb 22, 2023.
             The game lasted 00:42:34 (9462 turns).

porpoise the Sneak (Gnoll Enchanter)                Turns: 9462, Time: 00:42:35

Health: -4/67      AC:  8    Str:  7    XL:     9   Next: 89%
Magic:  19/19      EV: 14    Int: 20    God:    Dithmenos [*.....]
Gold:   544        SH:  0    Dex: 12    Spells: 10/22 levels left

rFire   . . .      SeeInvis .    a - +1 dagger
rCold   + . .      Faith    .    (no shield)
rNeg    . . .      Spirit   .    H - +0 steam dragon scales
rPois   .          Reflect  .    (no helmet)
rElec   .          Harm     .    p - +0 cloak
rCorr   .          Rampage  .    h - +0 pair of gloves
Will    .....                    (no boots)
Stlth   ++                       (no amulet)
HPRegen 0.31/turn                m - ring of willpower
MPRegen 0.16/turn                F - ring of protection from cold

@: about to teleport, weak-willed, wreathed by umbra, invisible, very slow
A: fangs 1, strong nose, distributed training
a: Renounce Religion


You were on level 8 of the Dungeon.
You worshipped Dithmenos.
Dithmenos was aware of your devotion.
You visited 1 branch of the dungeon, and saw 8 of its levels.

You collected 544 gold pieces.

Inventory:

Hand Weapons
 a - a +1 dagger (weapon)
 b - a +0 short sword of venom
 B - a +1 heavy trident
Missiles
 l - 24 poisoned darts (quivered)
 t - 7 javelins
 A - 7 boomerangs
Armour
 h - a +0 pair of gloves (worn)
 i - a scarf of shadows
 p - a +0 cloak (worn)
 x - the +2 leather armour "Jaeng" {SInv}
   (You found it on level 7 of the Dungeon)

   SInv:      It lets you see invisible.
 y - a +3 leather armour
 H - +0 steam dragon scales (worn)
Jewellery
 j - a ring of fire
 m - a ring of willpower (left hand)
 o - an amulet of guardian spirit
 w - an amulet of faith
 D - a ring of ice
 F - a ring of protection from cold (right hand)
Wands
 q - a wand of charming (3)
 s - a wand of polymorph (6)
 z - a wand of quicksilver (9)
 L - a wand of flame (12)
Scrolls
 g - 2 scrolls of magic mapping
 u - 4 scrolls of teleportation
 v - 2 scrolls of enchant armour
 C - 2 scrolls of blinking
 E - 2 scrolls of immolation
 G - 2 scrolls of identify
 J - a scroll of vulnerability
 M - a scroll of brand weapon {unknown}
Potions
 c - a potion of invisibility
 d - 6 potions of lignification
 e - 3 potions of ambrosia
 f - 5 potions of heal wounds
 k - 3 potions of berserk rage
 n - 3 potions of cancellation
 r - 5 potions of curing
 I - 2 potions of might
 K - a potion of mutation


   Skills:
 + Level 4.8 Fighting
 + Level 5.5 Short Blades
 + Level 4.8 Long Blades
 + Level 4.8 Axes
 + Level 4.8 Maces & Flails
 + Level 4.8 Polearms
 + Level 4.8 Staves
 + Level 4.8 Ranged Weapons
 + Level 4.8 Throwing
 + Level 4.8 Armour
 + Level 6.7 Dodging
 + Level 7.8 Stealth
 + Level 4.8 Shields
 + Level 4.8 Unarmed Combat
 + Level 7.0 Spellcasting
 + Level 4.0 Conjurations
 + Level 6.8 Hexes
 + Level 4.0 Summonings
 + Level 4.0 Necromancy
 + Level 4.0 Translocations
 + Level 4.0 Transmutations
 + Level 4.0 Fire Magic
 + Level 4.0 Ice Magic
 + Level 4.0 Air Magic
 + Level 4.0 Earth Magic
 + Level 4.0 Poison Magic
 + Level 5.3 Invocations
 + Level 4.8 Evocations


You had 10 spell levels left.
You knew the following spells:

 Your Spells              Type           Power      Damage    Failure   Level
a - Confusing Touch       Hex            34%        N/A       1%          3
e - Ensorcelled Hibernat  Hex/Ice        56%        N/A       1%          2
m - Mephitic Cloud        Conj/Pois/Air  23%        N/A       5%          3
s - Sandblast             Erth           46%        2d11      1%          1
t - Tukima's Dance        Hex            34%        N/A       1%          3

Your spell library contained the following spells:

 Spells                   Type           Power      Damage    Failure   Level
 Magic Dart               Conj           92%        1d7       1%          1
 Call Imp                 Summ           23%        N/A       2%          2
 Passwall                 Tmut/Erth      19%        N/A       2%          2
 Dazzling Flash           Conj/Hex       56%        N/A       3%          3
 Stone Arrow              Conj/Erth      46%        3d9       5%          3
 Animate Armour           Summ/Erth      46%        N/A       19%         4
 Lehudib's Crystal Spear  Conj/Erth      11%        10d4      100%        8


Dungeon Overview and Level Annotations

Branches:
Dungeon (8/15)             Temple (0/1) D:6
   Lair: D:8-11

Altars:
Dithmenos
Elyvilon
Fedhas
Gozag
Hepliaklqana
Ru
Sif Muna
Uskayaw
Wu Jian
Xom

Shops:
D:1 ?

Annotations:
D:5 1 runed translucent door, Jeffwins's ghost, novice HuWn


Innate Abilities, Weirdness & Mutations

You have very sharp teeth.
Your uncanny sense of smell can sniff out nearby items.
Your experience applies equally to all skills.


Message History

You enter the shallow water.
Moving in this stuff is going to be slow.
The electric eel shoots out a bolt of lightning at you!
The bolt of electricity hits the plant!
The plant begins to die.
The bolt of electricity hits you!
The electric eel shoots out a bolt of lightning at you!
The bolt of electricity hits the plant.
The bolt of electricity hits you!
An electric eel comes into view.
Casting: Sandblast (safe; 1% risk of failure)
Confirm with . or Enter, or press ? or * to list all spells.
Aiming: Sandblast (safe; 1% risk of failure)
Press: ? - help, Shift-Dir - straight line, f - electric eel
Aim: an electric eel (water, 72% to hit)
Your line of fire to the electric eel is blocked by a plant.
A nearby plant withers and dies.
The electric eel shoots out a bolt of lightning at you!
The bolt of electricity hits the plant!
The plant begins to die.
The bolt of electricity hits you!
The electric eel shoots out a bolt of lightning at you!
The bolt of electricity hits the plant!
The bolt of electricity hits you!
The electric eel shoots out a bolt of lightning at you!
The bolt of electricity hits the plant!
The plant begins to die.
The bolt of electricity hits you!
* * * LOW HITPOINT WARNING * * *
Okay, then.
You fade into invisibility!
The electric eel shoots out a bolt of lightning at you!
The bolt of electricity hits the plant!
The bolt of electricity hits you.
* * * LOW HITPOINT WARNING * * *
The electric eel shoots out a bolt of lightning at you!
The bolt of electricity hits you!
* * * LOW HITPOINT WARNING * * *
The electric eel shoots out a bolt of lightning at you!
The bolt of electricity hits the plant!
The bolt of electricity misses you.
The bolt of electricity hits the plant!
The plant begins to die.
As you read the scroll of teleportation, it crumbles to dust.
You feel strangely unstable.
The electric eel shoots out a bolt of lightning at you!
The bolt of electricity hits you!
You die...

## ♣♣.♣♣ # ##
#######..#
#..♣♣~.......#
..♣P♣~♣###.###
.PP~P~♣♣P#.#
~~P~~~~~♣~.#
♣~~~~♣P~~♣.#
P~SP~~~~~~P#
P♣~~~~@P~#
♣~P~~♣~~♣♣#
S~~~≈≈P~~~♣
~~~≈≈≈PPS~P♣
~≈≈≈≈≈≈~~~~♣#
~≈≈≈≈≈≈≈≈~~~#
~≈≈≈≈≈≈≈≈~♣~#
~~≈≈≈≈≈≈~~P~#
≈≈≈≈≈≈≈≈≈P~~#


You could see 2 electric eels.

Vanquished Creatures
  A hornet (D:8)
  Menkaure (D:4)
  3 steam dragons
  An orc warrior (D:8)
  2 black bears
  4 ice beasts
  2 centaurs
  2 phantoms
  A kobold brigand (D:6)
  A bullfrog (D:6)
  2 necrophages
  3 scorpions (D:6)
  3 electric eels (D:8)
  A hound (D:7)
  2 jellies
  7 orc priests
  Crazy Yiuf (D:2)
  A gnoll bouda (D:8)
  Terence (D:3)
  5 orc wizards
  Ijyb (D:5)
  4 iguanas
  4 gnolls (D:8)
  5 adders
  An ufetubus (D:6)
  2 worms
  3 dart slugs
  29 orcs
  4 endoplasms
  7 giant cockroaches
  7 goblins
  10 hobgoblins
  7 jackals
  7 quokkas
  10 ball pythons
  8 bats
  4 frilled lizards
  12 kobolds
  6 rats
175 creatures vanquished.

Vanquished Creatures (others)
  9 plants (D:8)
9 creatures vanquished.

Grand Total: 184 creatures vanquished

Notes
Turn   | Place    | Note
-------+----------+-------------------------------------------
     0 | D:1      | porpoise the Gnoll Enchanter began the quest for the Orb.
     0 | D:1      | Reached XP level 1. HP: 13/13 MP: 6/6
   228 | D:1      | Reached XP level 2. HP: 15/19 MP: 7/7
   379 | D:1      | Learned a level 2 spell: Ensorcelled Hibernation
   855 | D:1      | Reached skill level 5 in Spellcasting
   855 | D:1      | Reached XP level 3. HP: 21/25 MP: 2/9
   951 | D:1      | Learned a level 3 spell: Confusing Touch
   955 | D:1      | Learned a level 3 spell: Tukima's Dance
   959 | D:1      | Found The Oracle's Delphic Readings.
  1257 | D:2      | Reached skill level 1 in Invocations
  1333 | D:2      | Found a shimmering blue altar of Sif Muna.
  1398 | D:2      | Reached skill level 1 in Fighting
  1398 | D:2      | Reached skill level 1 in Long Blades
  1398 | D:2      | Reached skill level 1 in Axes
  1398 | D:2      | Reached skill level 1 in Maces & Flails
  1398 | D:2      | Reached skill level 1 in Polearms
  1398 | D:2      | Reached skill level 1 in Staves
  1398 | D:2      | Reached skill level 1 in Ranged Weapons
  1398 | D:2      | Reached skill level 1 in Throwing
  1398 | D:2      | Reached skill level 1 in Armour
  1398 | D:2      | Reached skill level 1 in Shields
  1398 | D:2      | Reached skill level 1 in Unarmed Combat
  1398 | D:2      | Reached skill level 1 in Evocations
  1476 | D:2      | Found a runed translucent door.
  1477 | D:2      | Noticed Crazy Yiuf
  1741 | D:2      | Reached XP level 4. HP: 32/32 MP: 11/11
  2124 | D:2      | Found a faded altar of an unknown god.
  2132 | D:2      | Reached skill level 1 in Conjurations
  2132 | D:2      | Reached skill level 1 in Summonings
  2132 | D:2      | Reached skill level 1 in Necromancy
  2132 | D:2      | Reached skill level 1 in Translocations
  2132 | D:2      | Reached skill level 1 in Transmutations
  2132 | D:2      | Reached skill level 1 in Fire Magic
  2132 | D:2      | Reached skill level 1 in Ice Magic
  2132 | D:2      | Reached skill level 1 in Air Magic
  2132 | D:2      | Reached skill level 1 in Earth Magic
  2132 | D:2      | Reached skill level 1 in Poison Magic
  2353 | D:2      | Killed Crazy Yiuf
  2640 | D:3      | Found an ornate altar of the Wu Jian Council.
  2731 | D:3      | Reached XP level 5. HP: 37/37 MP: 9/12
  2815 | D:3      | Found a blossoming altar of Fedhas.
  2828 | D:3      | Noticed Terence
  2833 | D:3      | Killed Terence
  2956 | D:3      | Upgraded the game from 0.30-a0-793-g160f7cfddd to
                  | 0.30-a0-799-g109b55a442
  3286 | D:3      | Found a white marble altar of Elyvilon.
  3595 | D:4      | Reached XP level 6. HP: 33/44 MP: 11/14
  3693 | D:4      | Reached skill level 5 in Dodging
  3727 | D:4      | Found a shadowy altar of Dithmenos.
  3876 | D:4      | Learned a level 1 spell: Sandblast
  4352 | D:4      | Noticed Menkaure
  4352 | D:4      | Noticed a black bear
  4363 | D:4      | Killed a black bear
  4364 | D:4      | Reached XP level 7. HP: 43/51 MP: 8/15
  4377 | D:4      | Killed Menkaure
  4597 | D:5      | Entered Level 5 of the Dungeon
  4654 | D:5      | Noticed Ijyb
  4675 | D:5      | Killed Ijyb
  4790 | D:5      | Found a shimmering blue altar of Sif Muna.
  4888 | D:5      | Found a hide-covered altar of Uskayaw.
  4999 | D:4      | Became a worshipper of Dithmenos the Shadowed
  5110 | D:5      | Found a runed translucent door.
  5111 | D:5      | Noticed Jeffwins's ghost (novice HuWn)
  5655 | D:6      | Found a shimmering altar of Xom.
  5779 | D:6      | Reached XP level 8. HP: 51/58 MP: 9/16
  6089 | D:6      | Found a sacrificial altar of Ru.
  6159 | D:6      | Reached * piety under Dithmenos
  6688 | D:6      | Found a staircase to the Ecumenical Temple.
  6754 | D:6      | Reached XP level 9. HP: 65/65 MP: 18/18
  7204 | D:7      | Reached skill level 5 in Short Blades
  7393 | D:7      | Identified the +2 leather armour "Jaeng" {SInv}
  7663 | D:7      | Found a hazy altar of Hepliaklqana.
  7735 | D:7      | Found an opulent altar of Gozag.
  8352 | D:8      | Upgraded the game from 0.30-a0-799-g109b55a442 to
                  | 0.30-a0-800-g7c544603b3
  8652 | D:8      | Noticed a hornet
  8660 | D:8      | Killed a hornet
  8661 | D:8      | Reached skill level 5 in Invocations
  8701 | D:8      | Learned a level 3 spell: Mephitic Cloud
  9462 | D:8      | Killed from afar by an electric eel

Illustrated notes

Levels and vault maps discovered:
D:1:      spicycebolla_green_bress_n_ham, layout_loops_ring,
          nicolae_nh_oracle_at_delphi
D:2:      minmay_wonky_spiral, layout_basic, basic_altar,
          basic_ecumenical_altar, uniq_crazy_yiuf_cottage
D:3:      layout_loops_ring, nicolae_wu_jian_wuxing_cycle,
          mainiacjoe_overflow_paths, mainiacjoe_overflow_alcove_1,
          chequers_serial_rivers_room_b, uniq_terence
D:4:      layout_loops_ring, grunt_dithmenos_smoke_and_mirrors, uniq_menkaure
D:5:      layout_gridville, lemuel_tele_altar, nicolae_uskayaw_dance_hall,
          ebering_ghost_inner_flame, dreamdust_mushroom_princess,
          minmay_misc_feat_hallway, hangedman_decor_diamond_cutter,
          minmay_misc_feat_nine_boxes, uniq_ijyb
D:6:      layout_loops_ring, amcnicky_altar_gilded,
          nicolae_ru_great_annihilating_truth, minmay_temple_entry_offerings,
          dk_noncrumbling_3
D:7:      layout_basic, nzn_hepliaklqana_mist_gate, lemuel_round_altar
D:8:      layout_loops_corners, serial_bayou, serial_bayou_lake_a,
          serial_bayou_shore_a, serial_bayou_crossing, serial_bayou_pond_a,
          serial_bayou_pond_e, serial_bayou_pond_d

Skill      XL: |  1  2  3  4  5  6  7  8  9 |
---------------+----------------------------+-----
Spellcasting   | 5 6 7 |  7.0
Stealth        | 6 7 |  7.8
Invocations    | 1 2 3 4 5 |  5.3
Fighting       | 1 2 3 4 |  4.8
Long Blades    | 1 2 3 4 |  4.8
Axes           | 1 2 3 4 |  4.8
Maces & Flails | 1 2 3 4 |  4.8
Polearms       | 1 2 3 4 |  4.8
Staves         | 1 2 3 4 |  4.8
Ranged Weapons | 1 2 3 4 |  4.8
Throwing       | 1 2 3 4 |  4.8
Armour         | 1 2 3 4 |  4.8
Shields        | 1 2 3 4 |  4.8
Unarmed Combat | 1 2 3 4 |  4.8
Evocations     | 1 2 3 4 |  4.8
Conjurations   | 1 2 3 4 |  4.0
Summonings     | 1 2 3 4 |  4.0
Necromancy     | 1 2 3 4 |  4.0
Translocations | 1 2 3 4 |  4.0
Transmutations | 1 2 3 4 |  4.0
Fire Magic     | 1 2 3 4 |  4.0
Ice Magic      | 1 2 3 4 |  4.0
Air Magic      | 1 2 3 4 |  4.0
Earth Magic    | 1 2 3 4 |  4.0
Poison Magic   | 1 2 3 4 |  4.0
Short Blades   | 3 4 5 |  5.5
Dodging        | 5 6 |  6.7
Hexes          | 6 |  6.8

Action                     |  1- 3 |  4- 6 |  7- 9 || total
---------------------------+-------+-------+-------++-------
  Melee: Dagger            |   122 |   142 |   294 ||   558
         Bite              |    10 |    15 |    37 ||    62
         Punch             |       |     1 |     9 ||    10
  Throw: Dart              |       |       |     6 ||     6
   Cast: Ensorcelled Hiber |    15 |    29 |    39 ||    83
         Confusing Touch   |       |     8 |    17 ||    25
         Sandblast         |       |     3 |    12 ||    15
         Mephitic Cloud    |       |       |     2 ||     2
  Evoke: Wand              |       |       |     2 ||     2
    Use: Scroll            |     3 |     3 |     9 ||    15
         Potion            |       |       |     1 ||     1
   Stab: Sleeping          |    22 |    34 |    46 ||   102
         Distracted        |     1 |       |     1 ||     2
         Confused          |       |     6 |    15 ||    21
         Paralysed         |       |       |     1 ||     1
 Armour: Robe              |    17 |    37 |       ||    54
         Leather armour    |       |     2 |    28 ||    30
         Steam dragon scal |       |       |    30 ||    30
  Dodge: Dodged            |    63 |    92 |   163 ||   318

Table legend: (Time is in decaauts)
 A = Elapsed time spent in this place.
 B = Non-inter-level travel time spent in this place.
 C = Inter-level travel time spent in this place.
 D = Time resting spent in this place.
 E = Time spent auto-exploring this place.
 F = Levels seen in this place.
 G = Mean time per level.
                   A        B        C        D        E       F      G
               +--------+--------+--------+--------+--------+-----+--------+
         Total |   9396 |   9012 |    384 |   2523 |   4794 |   8 | 1174.5 |
       Dungeon |   9396 |   9012 |    384 |   2523 |   4794 |   8 | 1174.5 |
               +--------+--------+--------+--------+--------+-----+--------+

Top non-repeatable levels by time:
     D:8: 1614 daAuts
     D:5: 1243 daAuts
     D:1: 1239 daAuts
     D:3: 1157 daAuts
     D:2: 1151 daAuts
     D:6: 1059 daAuts
     D:4: 1053 daAuts
     D:7: 876 daAuts
